AoeStats
← blu tack

African Clearing

506072459Analyzed
3v3 RM · 19d ago on Sep 12, 2026· 40m 33s· 6 players
Game mode
Random Map
Map size
Normal (6 player)
Population
200
Speed
Normal
Resources
Standard
Victory
Conquest
Starting age
Dark Age
Ending age
Imperial Age
RankedLock teamsTeams togetherTeam positionsShared explorationLock speedFull tech treeHidden civsTurbo modeCheats
Victory
Defeat
🇳🇿 Magyars · New Zealand
1229
+8
🇹🇼 Japanese · Taiwan
1194
+9
🇮🇹 Teutons · Italy
1028
+15
🇺🇸 Byzantines · United States
1077
-12
🇦🇷 Jurchens · Argentina
1054
-12
🇮🇳 Aztecs · India
943
-8
ERRIPOOK69
16:41 Feudal Age
17:38 Loom
21:06 Castle Age
19:45 Double-Bit Axe
21:22 Fletching
26:32 Crossbowman
28:15 Thumb Ring
30:11 Bodkin Arrow
32:20 Wheelbarrow
32:00 Padded Archer Armor
38:25 Imperial Age
2722027078
6:27 Loom
14:50 Feudal Age
16:20 Double-Bit Axe
16:52 Gold Mining
22:16 Castle Age
20:09 Horse Collar
20:49 Forging
20:45 Scale Barding Armor
20:54 Stone Mining
22:46 Fletching
23:42 Bow Saw
25:06 Iron Casting
28:11 Heavy Plow
29:15 Bloodlines
37:47 Imperial Age
36:44 Wheelbarrow
37:45 Gold Shaft Mining
38:54 Chain Barding Armor
41:33 Blast Furnace
iamlegolas312
4:38 Loom
17:15 Feudal Age
18:00 Double-Bit Axe
18:20 Gold Mining
21:08 Fletching
21:18 Padded Archer Armor
21:42 Horse Collar
22:04 Stone Mining
23:12 Town Watch
30:27 Castle Age
30:34 Forging
30:25 Scale Mail Armor
30:32 Crossbowman
32:06 Leather Archer Armor
33:10 Eagle Warrior
34:31 Bodkin Arrow
36:24 Elite Skirmisher
Dark Sniper 0
5:42 Loom
13:27 Feudal Age
17:34 Castle Age
16:02 Stone Mining
16:31 Double-Bit Axe
23:04 Wheelbarrow
25:15 Ironclad
28:10 Fletching
31:29 Bodkin Arrow
34:15 Forging
34:06 Scale Mail Armor
37:25 Iron Casting
37:05 Chain Mail Armor
41:00 Imperial Age
Lancer
11:15 Feudal Age
11:45 Double-Bit Axe
11:50 Man-at-Arms
17:01 Wheelbarrow
16:12 Loom
20:22 Castle Age
20:07 Stone Mining
20:08 Gold Mining
21:16 Bow Saw
20:30 Long Swordsman
21:12 Squires
21:38 Fletching
22:05 Town Watch
23:22 Bodkin Arrow
24:54 Guard Tower
26:57 Yasama
27:41 Ballistics
27:03 Treadmill Crane
28:17 Murder Holes
29:28 Horse Collar
34:32 Imperial Age
36:19 Two-Man Saw
35:36 Bracer
38:36 Chemistry
40:09 Keep
40:48 Hand Cart
blu tack
8:45 Loom
13:32 Feudal Age
14:29 Double-Bit Axe
18:32 Wheelbarrow
18:06 Horse Collar
21:43 Castle Age
21:38 Bloodlines
22:53 Bow Saw
22:45 Heavy Plow
23:01 Elite Skirmisher
27:10 Crossbowman
29:07 Fletching
30:07 Scale Barding Armor
30:07 Husbandry
31:47 Padded Archer Armor
31:54 Town Watch
34:21 Gold Mining
40:02 Gold Shaft Mining
39:40 Pikeman
40:18 Stone Mining
43:43 Imperial Age
Connection lost

Rejoining the realm…

Still unreachable

The connection could not be restored.

Session expired

The server has moved on; the page needs a fresh start.